 Dungeon Crawl Stone Soup version 0.27-a0-345-g7370b58738 (webtiles) character file.

Game seed: 7825068597686767408

303 ReteAZ the Shield-Bearer (level 6, 0/53 HPs)
             Began as a Gnoll Fighter on Feb 15, 2021.
             Slain by a leopard gecko (1 damage)
             ... on level 4 of the Dungeon.
             The game lasted 00:02:46 (3444 turns).

ReteAZ the Shield-Bearer (Gnoll Fighter)            Turns: 3444, Time: 00:02:46

Health: 0/53       AC:  7    Str: 15    XL:     6   Next: 38%
Magic:  8/8        EV:  8    Int: 10    God:
Gold:   189        SH: 10    Dex: 11    Spells: 8/8 levels left

rFire    . . .     SeeInvis .   v - +2 trident (venom)
rCold    . . .     Faith    .   c - +0 kite shield
rNeg     . . .     Spirit   .   b - +0 scale mail
rPois    .         Reflect  .   (no helmet)
rElec    .         Harm     .   (no cloak)
rCorr    .         Rampage  .   (no gloves)
Will     .....                  (no boots)
Stlth    ..........             (no amulet)
HPRegen  0.17/turn              (no ring)
MPRegen  0.11/turn              (no ring)

@: no status effects
A: distributed training, fangs 1, strong nose
a: no special abilities


You were on level 4 of the Dungeon.
You visited 1 branch of the dungeon, and saw 4 of its levels.

You collected 189 gold pieces.

Inventory:

Hand Weapons
 a - a +0 trident
 v - a +2 trident of venom (weapon)
Missiles
 e - 9 poisoned darts (quivered)
Armour
 b - a +0 scale mail (worn)
 c - a +0 kite shield (worn)
Jewellery
 f - a ring of wizardry {unknown}
 m - a +6 ring of strength {unknown}
 o - a +6 ring of intelligence {unknown}
Scrolls
 g - 5 scrolls of identify {unknown}
 l - a scroll of magic mapping {unknown}
 n - 3 scrolls of teleportation {unknown}
 q - a scroll of enchant armour {unknown}
 s - a scroll of enchant weapon {unknown}
 t - 3 scrolls of amnesia {unknown}
 u - a scroll of noise {unknown}
Potions
 d - a potion of might
 h - 2 potions of lignification {unknown}
 i - a potion of mutation {unknown}
 j - 4 potions of curing {unknown}
 k - a potion of heal wounds {unknown}
 p - a potion of resistance {unknown}
 r - a potion of flight {unknown}


   Skills:
 + Level 6.8 Fighting
 + Level 1.9 Short Blades
 + Level 1.9 Long Blades
 + Level 1.9 Axes
 + Level 1.9 Maces & Flails
 + Level 5.0 Polearms
 + Level 1.9 Staves
 + Level 1.9 Slings
 + Level 1.9 Bows
 + Level 1.9 Crossbows
 + Level 1.9 Throwing
 + Level 6.8 Armour
 + Level 1.9 Dodging
 + Level 1.9 Stealth
 + Level 6.8 Shields
 + Level 1.9 Unarmed Combat
 + Level 1.9 Spellcasting
 + Level 1.5 Conjurations
 + Level 1.5 Hexes
 + Level 1.5 Summonings
 + Level 1.5 Necromancy
 + Level 1.5 Translocations
 + Level 1.5 Transmutations
 + Level 1.5 Fire Magic
 + Level 1.5 Ice Magic
 + Level 1.5 Air Magic
 + Level 1.5 Earth Magic
 + Level 1.5 Poison Magic
 + Level 2.1 Invocations
 + Level 1.9 Evocations


You had 8 spell levels left.
You didn't know any spells.
Your spell library contained the following spells:

 Spells                   Type           Power        Failure   Level
 Animate Skeleton         Necr           8%           85%         1
 Apportation              Tloc           8%           85%         1
 Corona                   Hex            4%           85%         1
 Summon Small Mammal      Summ           16%          85%         1
 Ensorcelled Hibernation  Hex/Ice        8%           94%         2
 Confusing Touch          Hex            4%           99%         3
 Dazzling Flash           Conj/Hex       8%           99%         3
 Tukima's Dance           Hex            4%           99%         3


Dungeon Overview and Level Annotations

Branches:
Dungeon (4/15)
 Temple: D:4-7

Altars:
Cheibriados
Qazlal


Innate Abilities, Weirdness & Mutations

Your experience applies equally to all skills.
You have very sharp teeth.
Your uncanny sense of smell can sniff out nearby items.


Message History

You block the leopard gecko's attack.
An orc comes into view. It is wielding a +0 mace.
You block the orc's attack. You block the leopard gecko's attack.
Something hits you!
The orc shouts!
You hit the orc.
You kill the orc!
The leopard gecko bites you but does no damage.
Something hits you!
You are too injured to fight recklessly!
You are too injured to fight recklessly!
You are too injured to fight recklessly!
You are too injured to fight recklessly!
You are too injured to fight recklessly!
You are too injured to fight recklessly!
You are too injured to fight recklessly!
The leopard gecko barely misses you.
There is an open door here.
The leopard gecko bites you. The leopard gecko closely misses you.
You block the leopard gecko's attack.
There is an open door here.
The leopard gecko bites you but does no damage.
You miss the leopard gecko.
The leopard gecko bites you but does no damage.
You closely miss the leopard gecko.
You block the leopard gecko's attack. x2
You hear some strange, mumbled words.
A puff of flame appears from out of thin air!
The puff of flame hits you.
You closely miss the leopard gecko.
The leopard gecko bites you but does no damage.
Something hits you!
* * * LOW HITPOINT WARNING * * *
Your shield prevents you from hitting the leopard gecko.
The leopard gecko bites you.
* * * LOW HITPOINT WARNING * * *
Something hits you!
* * * LOW HITPOINT WARNING * * *
The leopard gecko bites you.
You die...

###### .....#
....^########
###.........#
###...#####.# ........#
#.#
.##...#.###.#########
###...#.....#.#.#{o.#
##.....####.#...@l#.#
......#####.##..###.#
####........#....#..###
#.########.)####.#.#
#.# ######.#..#.# ##'##
#..o......#.# ##...##
#.#########.# ##.....##
#.#.###.# #.#
#.......###....##.###.#


You could see an orc and a leopard gecko.

Vanquished Creatures
  A bullfrog skeleton (D:4)
  A centaur skeleton (D:4)
  An orc wizard (D:4)
  4 worker ants (D:4)
  A hound skeleton (D:4)
  2 adders
  An ooze (D:2)
  3 worms
  5 dart slugs
  5 leopard geckos
  4 orcs (D:4)
  A ball python (D:1)
  4 giant cockroaches
  7 goblins
  5 hobgoblins
  2 jackals (D:4)
  8 kobolds
  A quokka (D:2)
  7 bats
  4 frilled lizards
  7 rats
74 creatures vanquished.

Notes
Turn   | Place    | Note
-------+----------+-------------------------------------------
     0 | D:1      | ReteAZ the Gnoll Fighter began the quest for the Orb.
     0 | D:1      | Reached XP level 1. HP: 23/23 MP: 1/1
   237 | D:1      | Reached XP level 2. HP: 29/29 MP: 2/2
   715 | D:2      | Reached XP level 3. HP: 33/35 MP: 3/3
   888 | D:2      | Reached skill level 1 in Invocations
  1296 | D:2      | Reached skill level 1 in Short Blades
  1296 | D:2      | Reached skill level 1 in Long Blades
  1296 | D:2      | Reached skill level 1 in Axes
  1296 | D:2      | Reached skill level 1 in Maces & Flails
  1296 | D:2      | Reached skill level 1 in Staves
  1296 | D:2      | Reached skill level 1 in Slings
  1296 | D:2      | Reached skill level 1 in Bows
  1296 | D:2      | Reached skill level 1 in Crossbows
  1296 | D:2      | Reached skill level 1 in Throwing
  1296 | D:2      | Reached skill level 1 in Dodging
  1296 | D:2      | Reached skill level 1 in Stealth
  1296 | D:2      | Reached skill level 1 in Unarmed Combat
  1296 | D:2      | Reached skill level 1 in Spellcasting
  1296 | D:2      | Reached skill level 1 in Evocations
  1431 | D:2      | Reached XP level 4. HP: 41/41 MP: 5/5
  1850 | D:3      | Found a stormy altar of Qazlal.
  1993 | D:3      | Reached skill level 1 in Conjurations
  1993 | D:3      | Reached skill level 1 in Hexes
  1993 | D:3      | Reached skill level 1 in Summonings
  1993 | D:3      | Reached skill level 1 in Necromancy
  1993 | D:3      | Reached skill level 1 in Translocations
  1993 | D:3      | Reached skill level 1 in Transmutations
  1993 | D:3      | Reached skill level 1 in Fire Magic
  1993 | D:3      | Reached skill level 1 in Ice Magic
  1993 | D:3      | Reached skill level 1 in Air Magic
  1993 | D:3      | Reached skill level 1 in Earth Magic
  1993 | D:3      | Reached skill level 1 in Poison Magic
  2400 | D:4      | Reached XP level 5. HP: 33/47 MP: 6/6
  3064 | D:4      | Reached XP level 6. HP: 49/53 MP: 8/8
  3124 | D:4      | Reached skill level 5 in Polearms
  3155 | D:4      | Found a snail-covered altar of Cheibriados.
  3444 | D:4      | HP: 1/53 [something (11)]
  3444 | D:4      | Slain by a leopard gecko

Illustrated notes

Levels and vault maps discovered:
D:1:      minmay_arrival_wavy_path, layout_loops_ring, st_stairs_8
D:2:      layout_basic
D:3:      layout_basic, nicolae_qazlal_general_emergency
D:4:      minmay_wonky_spiral, layout_loops_corners, kennysheep_slug_shrine,
          grunt_ministairs_6

Skill      XL: |  1  2  3  4  5  6 |
---------------+-------------------+-----
Invocations    | 1 2 |  2.1
Short Blades   | 1 |  1.9
Long Blades    | 1 |  1.9
Axes           | 1 |  1.9
Maces & Flails | 1 |  1.9
Staves         | 1 |  1.9
Slings         | 1 |  1.9
Bows           | 1 |  1.9
Crossbows      | 1 |  1.9
Throwing       | 1 |  1.9
Dodging        | 1 |  1.9
Stealth        | 1 |  1.9
Unarmed Combat | 1 |  1.9
Spellcasting   | 1 |  1.9
Evocations     | 1 |  1.9
Conjurations   | 1 |  1.5
Hexes          | 1 |  1.5
Summonings     | 1 |  1.5
Necromancy     | 1 |  1.5
Translocations | 1 |  1.5
Transmutations | 1 |  1.5
Fire Magic     | 1 |  1.5
Ice Magic      | 1 |  1.5
Air Magic      | 1 |  1.5
Earth Magic    | 1 |  1.5
Poison Magic   | 1 |  1.5
Polearms       | 5 |  5.0
Fighting       | |  6.8
Armour         | |  6.8
Shields        | |  6.8

Action                   |  1- 3 |  4- 6 || total
-------------------------+-------+-------++-------
Melee: Trident           |   135 |   147 ||   282
       Bite              |     5 |    18 ||    23
Throw: Dart              |       |     6 ||     6
Armor: Scale mail        |    42 |    47 ||    89
Dodge: Dodged            |    36 |    46 ||    82
Block: Kite shield       |    64 |    69 ||   133

Table legend: (Time is in decaauts)
 A = Elapsed time spent in this place.
 B = Non-inter-level travel time spent in this place.
 C = Inter-level travel time spent in this place.
 D = Time resting spent in this place.
 E = Time spent auto-exploring this place.
 F = Levels seen in this place.
 G = Mean time per level.
                   A        B        C        D        E       F      G
               +--------+--------+--------+--------+--------+-----+--------+
         Total |   3512 |   3451 |     61 |      0 |   2836 |   4 |  878.0 |
       Dungeon |   3512 |   3451 |     61 |      0 |   2836 |   4 |  878.0 |
               +--------+--------+--------+--------+--------+-----+--------+

Top non-repeatable levels by time:
     D:4: 1081 daAuts
     D:2: 977 daAuts
     D:3: 776 daAuts
     D:1: 676 daAuts
